 Dungeon Crawl Stone Soup version 0.28.0 (webtiles) character file.

Game seed: 3481718324648690068

312 Anon1729 the Insei (level 6, -2/38 HPs)
             Began as an Octopode Transmuter on Feb 16, 2022.
             Slain by a centaur (6 damage)
             ... on level 3 of the Dungeon.
             The game lasted 00:03:49 (4341 turns).

Anon1729 the Insei (Octopode Transmuter)            Turns: 4341, Time: 00:03:50

Health: -2/38      AC:  1    Str:  9    XL:     6   Next: 42%
Magic:  9/9        EV: 13    Int: 17    God:
Gold:   130        SH:  0    Dex: 13    Spells: 3/9 levels left

rFire   . . .      SeeInvis .     - Unarmed
rCold   . . .      Faith    .   (no shield)
rNeg    . . .      Spirit   .   (helmet restricted)
rPois   .          Reflect  .   (no amulet)
rElec   .          Harm     .   (no ring)
rCorr   .          Rampage  .   (no ring)
Will    .....                   (no ring)
Stlth   ++........              (no ring)
HPRegen 0.12/turn               (no ring)
MPRegen 0.11/turn               (no ring)
                                (no ring)
                                (no ring)

@: no status effects
A: almost no armour, amphibious, 8 rings, camouflage 1, gelatinous body 1,
(nimble swimmer 1), tentacles
a: no special abilities


You were on level 3 of the Dungeon.
You visited 1 branch of the dungeon, and saw 3 of its levels.

You collected 130 gold pieces.

Inventory:

Scrolls
 a - 2 scrolls of teleportation
 c - a scroll of immolation
 f - a scroll of fog
 r - 2 scrolls of identify
Potions
 d - a potion of cancellation
 g - a potion of might
 h - a potion of berserk rage


   Skills:
 - Level 1.1 Fighting
 - Level 2.1 Dodging
 + Level 6.9 Unarmed Combat
 - Level 2.0 Spellcasting
 - Level 2.1 Transmutations


You had 3 spell levels left.
You knew the following spells:

 Your Spells              Type           Power      Damage    Failure   Level
a - Beastly Appendage     Tmut           16%        N/A       9%          1
b - Wereblood             Tmut           8%         N/A       12%         2
c - Spider Form           Tmut/Pois      5%         N/A       36%         3

Your spell library contained the following spells:

 Spells                   Type           Power      Damage    Failure   Level
 Ice Form                 Ice/Tmut       5%         N/A       77%         4


Dungeon Overview and Level Annotations

Branches:
Dungeon (3/15)

Altars:

Annotations:
D:3 3 runed translucent doors, Vruhak's ghost, amateur GrFi


Innate Abilities, Weirdness & Mutations

You cannot wear most types of armour.
You are amphibious.
You can wear up to eight rings at the same time.
Your skin changes colour to match your surroundings (Stealth+).
Your rubbery body absorbs attacks. (AC +1, EV +1)
((You are camouflaged when in or above water. (Stealth+)))
You have tentacles for arms and can constrict up to eight enemies at once.


Message History

A centaur is nearby!
A centaur is nearby!
The centaur wields a +0 shortbow.
The centaur shoots an arrow.
The arrow hits you!
The centaur shoots an arrow.
The arrow misses you.
The centaur shoots an arrow.
The arrow misses you.
The centaur shoots an arrow.
The arrow hits you!
The centaur unwields a +0 shortbow.
The centaur hits you. The centaur misses you. The centaur barely misses you. x2
You tentacle-slap the centaur.
The centaur is moderately wounded.
The centaur misses you. The centaur kicks you.
You tentacle-slap the centaur.
The centaur is moderately wounded.
The centaur hits you but does no damage.
The centaur kicks you.
You tentacle-slap the centaur.
You squeeze the centaur, but do no damage.
The centaur is heavily wounded.
The centaur closely misses you. The centaur kicks you.
You tentacle-slap the centaur but do no damage.
You squeeze the centaur, but do no damage.
The centaur is heavily wounded.
The centaur barely misses you. The centaur kicks you.
The centaur closely misses you. x2
You tentacle-slap the centaur.
The centaur is heavily wounded.
The centaur misses you. The centaur barely misses you.
You tentacle-slap the centaur. You squeeze the centaur.
The centaur is almost dead.
The centaur hits you.
* * * LOW HITPOINT WARNING * * *
The centaur kicks you.
* * * LOW HITPOINT WARNING * * *
You tentacle-slap the centaur but do no damage.
The centaur is almost dead.
The centaur hits you.
* * * LOW HITPOINT WARNING * * *
The centaur barely misses you. The centaur hits you.
You die...

#..........# #..#
##########.#.#######..#
##...## #.#...........
#.....#####.#########....
.......÷÷........# ##.
.......####.####.#
...>÷..# #.# #.# ......##
#.# #.# ##...######.# #@#
##.###.....# #c# ##
###.###.##### .#. #≈
........# ## ## #≈
........# #≈ ........# #§
........# #§ ........#
#.#≈ ........## #.#≈


You could see a centaur.

Vanquished Creatures
  Sigmund (D:3)
  Robin (D:3)
  5 adders
  2 dart slugs
  6 bats
  8 endoplasms
  A giant cockroach (D:1)
  11 hobgoblins
  8 jackals
  3 kobolds (D:1)
  3 quokkas
  6 ball pythons
  A frilled lizard (D:1)
  20 goblins
  3 rats
79 creatures vanquished.

Notes
Turn   | Place    | Note
-------+----------+-------------------------------------------
     0 | D:1      | Anon1729 the Octopode Transmuter began the quest for the
                  | Orb.
     0 | D:1      | Reached XP level 1. HP: 13/13 MP: 3/3
   336 | D:1      | Reached XP level 2. HP: 4/18 MP: 5/5
   837 | D:1      | Reached XP level 3. HP: 23/23 MP: 4/6
  1029 | D:1      | Reached skill level 4 in Unarmed Combat
  2276 | D:2      | Reached XP level 4. HP: 23/28 MP: 5/7
  2752 | D:2      | Reached skill level 5 in Unarmed Combat
  3028 | D:2      | Identified the +2 pair of boots "Gorghaow" {rElec Slay+5}
  3491 | D:3      | Noticed Robin
  3766 | D:2      | Learned a level 2 spell: Wereblood
  3770 | D:2      | Learned a level 3 spell: Spider Form
  3808 | D:3      | Reached XP level 5. HP: 23/33 MP: 4/8
  3816 | D:3      | Killed Robin
  3894 | D:3      | Noticed Sigmund
  3914 | D:3      | HP: 1/33 [something/magic dart (5)]
  3918 | D:3      | Killed Sigmund
  3919 | D:3      | Reached skill level 6 in Unarmed Combat
  3919 | D:3      | Reached XP level 6. HP: 31/38 MP: 1/9
  4128 | D:3      | Found a runed translucent gate.
  4129 | D:3      | Found a runed translucent gate.
  4129 | D:3      | Identified the +12 dagger of the Aged Tables {antimagic,
                  | *Corrode rN+++ Int+3 Dex-3}
  4129 | D:3      | Noticed Vruhak's ghost (amateur GrFi)
  4131 | D:3      | Found a runed translucent gate.
  4175 | D:3      | Found a faded altar of an unknown god.
  4341 | D:3      | Slain by a centaur

Illustrated notes

Levels and vault maps discovered:
D:1:      minmay_arrival_split_and_join, layout_basic
D:2:      layout_loops_corners
D:3:      layout_loops_ring, basic_ecumenical_altar, biasface_ghost_orc_armoury,
          kennysheep_generic_room_10, uniq_robin, uniq_sigmund

Skill      XL: |  1  2  3  4  5 |
---------------+----------------+-----
Unarmed Combat | 4 5 6 |  6.9
Fighting       | |  1.1
Dodging        | |  2.1
Spellcasting   | |  2.0
Transmutations | |  2.1

Action                   |  1- 3 |  4- 6 || total
-------------------------+-------+-------++-------
Melee: Unarmed           |    92 |    82 ||   174
       Constrict         |    23 |    16 ||    39
       Kick              |    18 |     7 ||    25
       Tentacles         |    12 |    18 ||    30
       Punch             |     3 |     4 ||     7
 Cast: Beastly Appendage |    21 |    15 ||    36
       Wereblood         |       |     1 ||     1
       Spider Form       |       |     2 ||     2
  Use: Potion            |       |     1 ||     1
       Scroll            |       |     6 ||     6
 Stab: Sleeping          |     5 |     9 ||    14
Armor: Skin              |    11 |     3 ||    14
Dodge: Dodged            |    74 |    44 ||   118
